 Dungeon Crawl Stone Soup version 0.31-a0-232-gb1c03b2570 (webtiles) character file.

Game seed: 9611775744921459505

105 qw the Shooter (level 4, -1/36 HPs)
             Began as a Minotaur Hexslinger on July 7, 2023.
             Slain by Sigmund
             ... wielding a +4 scythe of protection
              (2 damage)
             ... on level 3 of the Dungeon.
             The game lasted 00:00:47 (1912 turns).

qw the Shooter (Minotaur Hexslinger)                Turns: 1912, Time: 00:00:47

Health: -1/36      AC:  7    Str: 13    XL:     4   Next: 54%
Magic:  4/4        EV: 11    Int: 10    God:
Gold:   148        SH:  0    Dex: 14    Spells: 4/5 levels left

rFire   . . .        Y - +1 sling
rCold   . . .        (no shield)
rNeg    . . .        j - +0 ring mail
rPois   .            (helmet restricted)
rElec   .            (no cloak)
rCorr   +            b - +0 pair of gloves
SInv    .            k - +0 pair of boots
Will    .....        (no amulet)
Stlth   +            e - ring of resist corrosion
HPRegen 0.26/turn    (no ring)
MPRegen 0.09/turn

%: no passive effects
@: about to teleport
A: horns 2, retaliatory headbutt
a: no special abilities


You were on level 3 of the Dungeon.
You visited 1 branch of the dungeon, and saw 3 of its levels.

You collected 148 gold pieces.


Innate Abilities, Weirdness & Mutations

You have a pair of horns on your head.
You reflexively headbutt those who attack you in melee.


   Skills:
 - Level 2.1 Fighting
 + Level 4.9 Ranged Weapons
 - Level 1.0 Armour
 - Level 2.1 Dodging
 - Level 1.0 Spellcasting
 - Level 2.0 Hexes


You had 4 spell levels left.
You knew the following spells:

 Your Spells              Type           Power      Damage    Failure   Level
a - Slow                  Hex            16%        N/A       32%         1

Your spell library contained the following spells:

 Spells                   Type           Power      Damage    Failure   Level
 Inner Flame              Hex/Fire       2%         N/A       82%         3
 Portal Projectile        Hex/Tloc       4%         N/A       82%         3
 Cause Fear               Hex            2%         N/A       97%         4

Inventory:

Hand Weapons
 Y - a +1 sling (weapon)
Armour
 b - a +0 pair of gloves (worn)
 g - a +1 pair of boots
 j - a +0 ring mail (worn)
 k - a +0 pair of boots (worn)
Jewellery
 e - a ring of resist corrosion (left hand)
 f - a +4 ring of protection
Potions
 a - a potion of heal wounds {unknown}
 c - a potion of attraction {unknown}
 l - a potion of resistance {unknown}

Dungeon Overview and Level Annotations

Branches:
Dungeon (3/15)

Altars:

Shops:
D:2 :

Annotations:
D:3 Sigmund


Message History

You shoot a sling bullet. The sling bullet barely misses Sigmund.
Sigmund breathes a few words.
Sigmund's hands start flickering wildly.
You shoot a sling bullet.
The sling bullet hits Sigmund but does no damage.
Sigmund is lightly wounded.
You shoot a sling bullet. The sling bullet barely misses Sigmund.
Sigmund barely misses you.
You shoot a sling bullet. The sling bullet barely misses Sigmund.
Sigmund hits you from afar with a +4 scythe of protection!
You shoot a sling bullet.
The sling bullet hits Sigmund but does no damage.
Sigmund is lightly wounded.
Sigmund closely misses you.
You shoot a sling bullet. The sling bullet hits Sigmund.
Sigmund is lightly wounded.
Sigmund barely misses you.
You shoot a sling bullet. The sling bullet hits Sigmund.
Sigmund is moderately wounded.
You shoot a sling bullet. The sling bullet barely misses Sigmund.
Sigmund barely misses you.
You shoot a sling bullet. The sling bullet hits Sigmund!
Sigmund is heavily wounded.
Sigmund casts a spell at you.
The magic dart hits you but does no damage.
Sigmund points at you and mumbles some strange words.
The magic dart hits you.
You shoot a sling bullet.
The sling bullet completely misses Sigmund.
Sigmund hits you from afar with a +4 scythe of protection!
You shoot a sling bullet.
The sling bullet completely misses Sigmund.
Sigmund hits you from afar with a +4 scythe of protection!
1911 ||| READING scroll of teleportation.
As you read the scroll of teleportation, it crumbles to dust.
You feel strangely unstable.
You shoot a sling bullet. The sling bullet hits Sigmund.
Sigmund is severely wounded.
Sigmund hits you from afar with a +4 scythe of protection.
You die...

######..# ##..# #...#
##..# #..# #..#####
###########.......
###.............####
#@.@............#
..(...#.##########%.####
##### #.# #...... #.#
##.#### #.# #.# #.# #.#
#.# #.# #.# #.# #.# #.#


You could see Sigmund.

Vanquished Creatures
  3 adders
  4 dart slugs
  4 orcs (D:3)
  7 bats
  5 endoplasms
  2 giant cockroaches
  6 hobgoblins
  6 kobolds
  4 quokkas
  6 ball pythons
  3 frilled lizards
  9 goblins
  3 rats
62 creatures vanquished.

Notes
Turn   | Place    | Note
-------+----------+-------------------------------------------
     0 | D:1      | qw the Minotaur Hexslinger began the quest for the Orb.
     0 | D:1      | Reached XP level 1. HP: 16/16 MP: 1/1
     0 | D:1      | 0 ||| qw: Version: 0.3-a-46-gb1f654a
     0 | D:1      | 0 ||| qw: Game counter: 2873
     0 | D:1      | 0 ||| qw: Melee chars always use a shield: true
     0 | D:1      | 0 ||| qw: God list: Okawaru
     0 | D:1      | 0 ||| qw: Allow faded altars: false
     0 | D:1      | 0 ||| qw: Do Orc after clearing Dungeon:15 true
     0 | D:1      | 0 ||| qw: Do second Lair branch before Depths: true
     0 | D:1      | 0 ||| qw: Lair rune preference: random
     0 | D:1      | 0 ||| qw: Goals: Normal
     0 | D:1      | 0 ||| PLANNING D:1-11
   201 | D:1      | 201 ||| Stepping ~*~*~tactically~*~*~ (outnumbered).
   233 | D:1      | Reached skill level 3 in Ranged Weapons
   239 | D:1      | Reached XP level 2. HP: 22/23 MP: 2/2
   379 | D:1      | Found a faded altar of an unknown god.
   692 | D:1      | Reached XP level 3. HP: 29/29 MP: 3/3
   776 | D:1      | 776 ||| UPGRADING to +0 ring mail.
   786 | D:1      | 786 ||| DROPPING +0 robe.
   787 | D:1      | 787 ||| UPGRADING to +0 pair of boots.
   792 | D:1      | 792 ||| READING scroll labelled UGHID UCWIANA.
   793 | D:1      | 793 ||| READING scroll labelled UMOTTUTSEAT.
   794 | D:1      | 794 ||| READING scroll labelled QUTUJU ANIXAXT.
   795 | D:1      | 795 ||| READING scroll labelled GIKOHO VACWI.
   796 | D:1      | 796 ||| READING 2 scrolls labelled NOLLEARYUT.
   797 | D:1      | 797 ||| READING scroll labelled TAOXEB INOPN.
   802 | D:1      | 802 ||| DROPPING scroll of poison.
   803 | D:1      | 803 ||| DROPPING scroll of immolation.
  1040 | D:2      | Reached skill level 4 in Ranged Weapons
  1083 | D:2      | Found Zuc Zannupt's Book Boutique.
  1212 | D:2      | Reached skill level 1 in Armour
  1243 | D:2      | Reached XP level 4. HP: 34/36 MP: 4/4
  1388 | D:2      | 1388 ||| UPGRADING to +0 pair of gloves.
  1441 | D:2      | 1441 ||| UPGRADING to ring of resist corrosion.
  1463 | D:3      | Identified the +1 hand axe of the Cup {drain, rPois rC+
                  | Str+4}
  1897 | D:3      | Noticed Sigmund
  1910 | D:3      | HP: 1/36 [Sigmund/+4 scythe of protection (14)]
  1911 | D:3      | 1911 ||| READING scroll of teleportation.
  1912 | D:3      | Slain by Sigmund

Levels and vault maps discovered:
D:1:      eino_arrival_cavern_b, layout_loops_ring,
          shapermc_ecumenical_altar_mp_ritualfount
D:2:      layout_loops_ring, serial_glass, glass_columns_b, glass_columns_c,
          glass_columns_a, glass_columns_a, glass_columns_a, glass_columns_a,
          glass_columns_a, glass_columns_a, glass_columns_b, glass_columns_a,
          serial_shops, shop_statue
D:3:      layout_loops_ring, solitary_fountain, uniq_sigmund,
          uniq_crazy_yiuf_cottage

Skill      XL: |  1  2  3 |
---------------+----------+-----
Ranged Weapons | 3 4 |  4.9
Fighting       | 2 |  2.1
Armour         | 1 |  1.0
Dodging        | |  2.1
Spellcasting   | |  1.0
Hexes          | |  2.0

Action                     |  1- 3 |  4- 6 || total
---------------------------+-------+-------++-------
   Fire: Sling             |   121 |    58 ||   179
    Use: Scroll            |     6 |     1 ||     7
 Armour: Robe              |     6 |       ||     6
         Ring mail         |    12 |     7 ||    19
  Dodge: Dodged            |    34 |    12 ||    46

Table legend:
 A = Non-vault XP
 B = Vault XP
 C = Vault XP percentage of total XP
 D = Non-vault monster count
 E = Vault monster count
 F = Vault count percentage of total count
                 A         B        C        D         E       F
            +---------+---------+-------+---------+---------+-------
      Total |     151 |       0 |   0.0 |      62 |       0 |   0.0
            +---------+---------+-------+---------+---------+-------
        D:1 |      42 |       0 |   0.0 |      24 |       0 |   0.0
        D:2 |      61 |       0 |   0.0 |      22 |       0 |   0.0
        D:3 |      48 |       0 |   0.0 |      16 |       0 |   0.0
            +---------+---------+-------+---------+---------+-------
